 Dungeon Crawl Stone Soup version 0.21-a0-633-g4c047d5 (webtiles) character file.

18 Alarkh the Slasher (level 2, -2/22 HPs)
             Began as a Demonspawn Skald on Dec 28, 2017.
             Slain by Sigmund
             ... wielding a +0 scythe
              (8 damage)
             ... on level 2 of the Dungeon.
             The game lasted 00:01:16 (1253 turns).

Alarkh the Slasher (Demonspawn Skald)               Turns: 1253, Time: 00:01:16

Health: -2/22      AC:  3    Str: 11    XL:     2   Next: 51%
Magic:  5/5        EV: 17    Int: 14    God:
Gold:   69         SH:  0    Dex: 17    Spells: 4/5 levels left

rFire    . . .     SeeInvis .   a - +0 falchion
rCold    . . .     Gourm    .   (no shield)
rNeg     . . .     Faith    .   b - +0 leather armour
rPois    .         Spirit   .   (no helmet)
rElec    .         Reflect  .   (no cloak)
rCorr    .         Harm     .   (no gloves)
MR       .....                  (no boots)
Stlth    ++........             (no amulet)
HPRegen  0.07/turn              (no ring)
MPRegen  0.09/turn              (no ring)

@: agile, berserk cooldown, slowed, very slow
A: powered by pain 1
a: no special abilities


You were on level 2 of the Dungeon.
You were not hungry.

You visited 1 branch of the dungeon, and saw 2 of its levels.

You collected 69 gold pieces.

Inventory:

Hand Weapons
 a - a +0 falchion (weapon)
Armour
 b - a +0 leather armour (worn)
Scrolls
 e - a scroll of magic mapping {unknown}
 f - a scroll of enchant weapon {unknown}
 g - 2 scrolls of identify {unknown}
 j - a scroll of remove curse {unknown}
Books
 c - a book of Battle

   Spells                             Type                      Level
   a - Infusion                       Charms                       1
   b - Shroud of Golubria             Charms/Translocation         2
   c - Song of Slaying                Charms                       2
   d - Spectral Weapon                Hexes/Charms                 3
   e - Regeneration                   Charms/Necromancy            3
Comestibles
 d - 3 rations
 h - 7 chunks of flesh


   Skills:
 - Level 2.0 Fighting
 + Level 2.9 Long Blades
 - Level 0.8 Armour
 - Level 1.7 Dodging
 - Level 2.0 Spellcasting
 - Level 2.6 Charms


You had 4 spell levels left.
You knew the following spells:

 Your Spells              Type           Power        Failure   Level  Hunger
a - Infusion              Chrm           #...         11%         1    ##.....


Dungeon Overview and Level Annotations

Branches:
Dungeon (2/15)

Altars:

Annotations:
D:2 Sigmund


Innate Abilities, Weirdness & Mutations

You sometimes gain a little power by taking damage.


Message History

You barely miss Sigmund. Sigmund closely misses you.
You riposte.
You slash Sigmund!
Sigmund is moderately wounded.
You hit Sigmund.
Sigmund is heavily wounded.
You slash Sigmund!
Sigmund is severely wounded.
You are no longer berserk.
You are exhausted.
You feel yourself slow down.
Sigmund mumbles some strange words.
Sigmund flickers and vanishes!
Deactivating autopickup; reactivate with Ctrl-A.
You hit something. Something hits you!
* * * LOW HITPOINT WARNING * * *
You focus on the pain.
You feel more agile all of a sudden.
You aren't carrying any potions.
You barely miss something. Something hits you!
You die...

######## ##......#
##.......# #........#
#........# #....{...#
#...@....# #........#
##..^.......
###..........#
#............#
####.#.............
##.................##
##..##+##............#
##..## ##.......##..


There were no monsters in sight!

Vanquished Creatures
  2 bats (D:1)
  A giant cockroach (D:1)
  4 goblins
  2 hobgoblins (D:1)
  A ball python (D:1)
  3 frilled lizards (D:1)
  A kobold (D:1)
  5 rats (D:1)
19 creatures vanquished.

Notes
Turn   | Place    | Note
-------+----------+-------------------------------------------
     0 | D:1      | Alarkh the Demonspawn Skald began the quest for the Orb.
     0 | D:1      | Reached XP level 1. HP: 16/16 MP: 3/3
   579 | D:1      | Gained mutation: You sometimes gain a little power by taking damage. [demonic ancestry]
   579 | D:1      | Reached XP level 2. HP: 15/22 MP: 0/5
  1243 | D:2      | Noticed Sigmund
  1253 | D:2      | Slain by Sigmund

Vault maps used:
D:1:      dpeg_arrival_stone_temple_mockup, minmay_misc_feat_iff
D:2:      mumra_celtic_spiral_tile, gammafunk_temple_overflow_claw,
          overflow_temple_1_default, minmay_goblin_kobold_house, uniq_natasha,
          uniq_sigmund

Skill      XL: |  1 |
---------------+----+-----
Long Blades    | 2 |  2.9
Fighting       | |  2.0
Armour         | |  0.8
Dodging        | |  1.7
Spellcasting   | |  2.0
Charms         | |  2.6

Action                   || total
-------------------------++-------
Melee: Falchion          ||    40
 Cast: Infusion          ||    12
  Use: Potion            ||     1
  Eat: Chunk             ||     1
Armor: Leather armour    ||     9
Dodge: Dodged            ||    25
       Rpst.: Falchion   ||     9

Table legend:
 A = Spawn XP
 B = Non-spawn XP
 C = Spawn XP percentage of total XP
 D = Spawn monster count
 E = Non-spawn monster count
 F = Spawn count percentage of total count
 G = Total turns spent on level
                    A         B        C        D         E        F      G
               +---------+---------+-------+---------+---------+-------+---------
         Total |       0 |      27 |   0.0 |       0 |      19 |   0.0 |  1253
               +---------+---------+-------+---------+---------+-------+---------
           D:1 |       0 |      25 |   0.0 |       0 |      18 |   0.0 |  1179
           D:2 |       0 |       2 |   0.0 |       0 |       1 |   0.0 |    74
               +---------+---------+-------+---------+---------+-------+---------
